 Dungeon Crawl Stone Soup version 0.20-a0-680-g5c496f5 (webtiles) character file.

856 zero the Chopper (level 8, -8/50 HPs)
             Began as a Gargoyle Berserker on Feb 18, 2017.
             Was an Elder of Trog.
             Mangled by an ogre
             ... wielding a +0 giant club
              (10 damage)
             ... on level 4 of the Dungeon.
             The game lasted 00:09:28 (3347 turns).

zero the Chopper (Gargoyle Berserker)               Turns: 3347, Time: 00:09:29

Health: -8/50      AC: 17    Str: 24    XL:     8   Next: 2%
Magic:  8/8        EV:  9    Int:  7    God:    Trog [****..]
Gold:   138        SH:  0    Dex:  9    Spells: 7/7 levels left

rFire    . . .     SeeInvis .   a - +0 hand axe
rCold    . . .     Gourm    .   o - +0 chain mail
rNeg     + . .     Faith    .   (no shield)
rPois    ∞         Spirit   .   (no helmet)
rElec    +         Reflect  .   (no cloak)
rCorr    .         Harm     .   b - +1 pair of gloves
MR       .....     Rnd*Tele +   (no boots)
Stlth    ..........             (no amulet)
Regen    0.2/turn               (no ring)
MPRegen  0.2/turn               s - ring of teleportation (curse)

@: no status effects
A: negative energy resistance 1, electricity resistance, unbreathing,
petrification resistance, rot immunity, AC +5
a: Berserk, Trog's Hand, Brothers in Arms, Burn Spellbooks, Renounce Religion


You were on level 4 of the Dungeon.
You worshipped Trog.
Trog was greatly pleased with you.
You were not hungry.

You visited 1 branch of the dungeon, and saw 4 of its levels.
You also visited: Sewer.

You collected 138 gold pieces.

Inventory:

Hand Weapons
 a - a +0 hand axe (weapon)
Armour
 b - a +1 pair of gloves (worn)
 o - a +0 chain mail (worn)
Jewellery
 s - a cursed ring of teleportation (left hand)
Scrolls
 e - 3 scrolls of teleportation
 m - a scroll of fear
 q - a scroll of blinking
 t - 4 scrolls of recharging
Potions
 g - 4 potions of might
 h - 2 potions of lignification
 i - a potion of ambrosia {unknown}
 k - 6 potions of heal wounds
 l - a potion of brilliance
 n - 2 potions of agility
 p - a potion of berserk rage {unknown}
 r - a potion of haste {unknown}
 u - 2 potions of magic {unknown}
 v - a potion of flight {unknown}
Comestibles
 c - a bread ration
 j - 3 royal jellies


   Skills:
 + Level 5.4 Fighting
 * Level 5.8 Axes
 + Level 4.7 Armour
 + Level 3.3 Dodging


You had 7 spell levels left.
You didn't know any spells.

Dungeon Overview and Level Annotations

Branches:
Dungeon (4/15)
 Temple: D:4-7

Altars:


Innate Abilities, Weirdness & Mutations

You are resistant to torment.
Your stone body is resilient. (AC +5)
You are immune to poison.
You resist negative energy. (rN+)
You are resistant to electric shocks. (rElec)
You can survive without breathing.
You are immune to petrification.
You are immune to rotting.


Message History

You are too injured to fight recklessly!
You are too injured to fight recklessly!
You are too injured to fight recklessly!
You hit the ogre but do no damage.
The ogre is severely wounded.
You hit the ogre.
The ogre is severely wounded.
The ogre hits you with a giant club!
* * * LOW HITPOINT WARNING * * *
You hit the ogre.
The ogre is almost dead.
The ogre barely misses you.
You barely miss the ogre.
The ogre is almost dead.
The ogre hits you with a giant club.
* * * LOW HITPOINT WARNING * * *
You hit the ogre but do no damage.
The ogre is almost dead.
The ogre hits you with a giant club!
You die...

#.# #.. ####### #..
#.....# #.. #.#
#.########.. #.#
#...........
#.###.#########.
########.....######
#.
#..).O@............
#.
#.#####.#..#######.
#. #.#..# ## ..#.)#
#. ####..# ## #..#
# #..# # #..# #
#..# #


You could see an ogre.

Vanquished Creatures
  The ghost of Malvoorn the Ruffian, an amateur TrFi (Sewer)
  An ice beast (D:4)
  2 bullfrogs (Sewer)
  A howler monkey (D:4)
  Terence (D:2)
  Jessica (D:2)
  Natasha (thrice) (D:2)
  An orc wizard (D:3)
  2 worker ants (D:4)
  11 adders
  4 river rats (Sewer)
  2 oozes (Sewer)
  2 worms
  3 dart slugs
  2 leopard geckos
  4 orcs (D:3)
  7 bats
  4 giant cockroaches
  5 hobgoblins
  7 jackals
  2 quokkas
  11 ball pythons
  9 frilled lizards
  3 goblins
  8 kobolds
  34 rats
131 creatures vanquished.

Notes
Turn   | Place    | Note
-------+----------+-------------------------------------------
     0 | D:1      | zero the Gargoyle Berserker began the quest for the Orb.
     0 | D:1      | Reached XP level 1. HP: 14/14 MP: 1/1
   101 | D:1      | Reached XP level 2. HP: 19/19 MP: 2/2
   415 | D:1      | Reached ** piety under Trog
   480 | D:1      | Reached XP level 3. HP: 24/24 MP: 3/3
   824 | D:2      | Noticed Terence
   843 | D:2      | Killed Terence
   972 | D:2      | Reached XP level 4. HP: 26/29 MP: 4/4
   983 | D:2      | Noticed Natasha
   992 | D:2      | Killed Natasha
  1079 | D:2      | Noticed Natasha
  1080 | D:2      | Noticed Jessica
  1085 | D:2      | Killed Natasha
  1085 | D:2      | Reached XP level 5. HP: 29/33 MP: 5/5
  1099 | D:2      | Killed Jessica
  1277 | D:2      | Noticed Natasha
  1294 | D:2      | Killed Natasha
  1943 | D:3      | Reached XP level 6. HP: 39/39 MP: 6/6
  2000 | D:3      | Reached *** piety under Trog
  2019 | D:3      | Found a glowing drain.
  2023 | Sewer    | Entered a sewer
  2252 | Sewer    | Noticed Malvoorn's ghost (amateur TrFi)
  2546 | Sewer    | Reached skill level 5 in Axes
  2546 | Sewer    | Reached XP level 7. HP: 44/44 MP: 7/7
  2546 | Sewer    | Reached **** piety under Trog
  2559 | Sewer    | Killed Malvoorn's ghost
  2559 | Sewer    | Reached skill level 5 in Fighting
  3175 | D:4      | Reached XP level 8. HP: 13/50 MP: 8/8
  3346 | D:4      | HP: 2/50 [ogre/giant club (6)]
  3347 | D:4      | Mangled by an ogre

Vault maps used:
D:1:      dpeg_arrival_rooms_b, dk_noncrumbling_4, nrook_mini_vaults,
          minmay_pentomino_v4
D:2:      uniq_jessica, uniq_natasha, uniq_terence
D:3:      gup_sewer_entry_bowl
Sewer:    sewer_minmay_w

Skill      XL: |  1  2  3  4  5  6  7 |
---------------+----------------------+-----
Axes           | 3 4 5 |  5.8
Fighting       | 4 5 |  5.4
Armour         | 3 4 |  4.7
Dodging        | 2 3 |  3.3

Action                   |  1- 3 |  4- 6 |  7- 9 || total
-------------------------+-------+-------+-------++-------
Melee: Hand axe          |    85 |   290 |   142 ||   517
Invok: Berserk           |     1 |     4 |       ||     5
       Trog's Hand       |       |     2 |       ||     2
  Use: Scroll            |       |     5 |     7 ||    12
  Eat: Chunk             |     1 |     4 |     2 ||     7
       Meat ration       |       |     1 |     1 ||     2
Armor: Animal skin       |    31 |       |       ||    31
       Chain mail        |     6 |   221 |    98 ||   325
Dodge: Dodged            |    67 |   169 |    60 ||   296
